 Dungeon Crawl Stone Soup version 0.31-a0-521-gc7390f8997 (webtiles) character file.

Game seed: 13303399637663733823

783 Xavori the Chopper (level 8, -3/61 HPs)
             Began as a Formicid Chaos Knight on Aug 10, 2023.
             Was a Plaything of Xom.
             Slain by an ogre
             ... wielding a +0 giant spiked club
              (30 damage)
             ... on level 5 of the Dungeon.
             The game lasted 00:04:27 (13664 turns).

Xavori the Chopper (Formicid Chaos Knight)         Turns: 13664, Time: 00:04:27

Health: -3/61      AC:  6    Str: 23    XL:     8   Next: 11%
Magic:  8/8        EV: 12    Int: 11    God:    Xom [...*..]
Gold:   338        SH:  0    Dex: 10    Spells: 7/7 levels left

rFire   + . .        j - +2 hand axe (flame)
rCold   . . .        (no shield)
rNeg    . . .        b - +2 leather armour
rPois   +            (helmet unavailable)
rElec   .            (no cloak)
rCorr   .            (no gloves)
SInv    +            n - +0 pair of boots
Will    .....        (no amulet)
Stlth   ++           i - ring of poison resistance
HPRegen 0.30/turn    (no ring)
MPRegen 0.11/turn

%: clarity
@: unable to read
A: permanent stasis, dig shafts and tunnels, antennae 3, four strong arms,
clarity, clumsy 1, fire resistance 1, poison resistance, strong 1, subdued magic
2, inability to read after injury 1
a: Dig, Shaft Self, Renounce Religion


You were on level 5 of the Dungeon.
You worshipped Xom.
You were a favourite toy of Xom.
You visited 1 branch of the dungeon, and saw 5 of its levels.

You collected 338 gold pieces.

Inventory:

Hand Weapons
 a - a +0 hand axe of chaos
 j - a +2 hand axe of flaming (weapon)
Armour
 b - a +2 leather armour (worn)
 n - a +0 pair of boots (worn)
Jewellery
 i - a ring of poison resistance (left hand)
Wands
 r - a wand of charming (9)
 v - a wand of digging (5)
Scrolls
 c - a scroll of butterflies
 f - a scroll of immolation
 k - a scroll of teleportation {unknown}
 l - 2 scrolls of identify
 u - a scroll of vulnerability
Potions
 d - a potion of curing
 e - a potion of ambrosia {unknown}
 g - 2 potions of haste {unknown}
 h - 2 potions of brilliance
 m - 2 potions of degeneration {unknown}
 p - a potion of invisibility {unknown}
 q - a potion of enlightenment {unknown}
 t - a potion of attraction {unknown}


   Skills:
 + Level 4.8 Fighting
 + Level 6.6 Axes
 + Level 4.0 Armour
 + Level 3.1 Dodging
 - Level 2.1 Stealth


You had 7 spell levels left.
You didn't know any spells.
Your spell library contained the following spells:

 Spells                   Type           Power      Damage    Failure   Level
 Portal Projectile        Hex/Tloc       0%         N/A       69%         3
 Summon Guardian Golem    Hex/Summ       0%         N/A       69%         3
 Tukima's Dance           Hex            0%         N/A       69%         3
 Iskenderun's Mystic Bla  Conj/Tloc      0%         2d3       98%         4
 Orb of Destruction       Conj           0%         9d5       100%        7
 Spellforged Servitor     Conj/Summ      0%         N/A       100%        7


Dungeon Overview and Level Annotations

Branches:
Dungeon (5/15)
 Temple: D:4-7

Altars:
Dithmenos
Elyvilon
Fedhas
Makhleb

Shops:
D:2 :


Innate Abilities, Weirdness & Mutations

You cannot be hasted, slowed, berserked, paralysed or teleported.
You can dig through walls and to a lower floor.
You have a pair of large antennae on your head. (SInv)
Your four strong arms can wield two-handed weapons with a shield.
You possess an exceptional clarity of mind.
You are clumsy. (Dex -2)
Your flesh is heat resistant. (rF+)
Your system is resistant to poisons. (rPois)
Your muscles are strong. (Str +4, Int/Dex -1)
Your spells are easier to cast, but less powerful.
You occasionally lose the ability to read scrolls when taking damage.


Message History

You slash the ice beast!
You melt the ice beast.
The ice beast is heavily wounded. "The weather's been a little too boring around here."
The ice beast hits you but does no damage.
Unknown command.
You slash the ice beast!
You melt the ice beast.
The ice beast is almost dead.
The ice beast hits you. The ice beast freezes you.
Unknown command.
You closely miss the ice beast.
The ice beast is almost dead.
The ice beast hits you but does no damage.
You closely miss the ice beast.
The ice beast is almost dead.
The ice beast closely misses you.
You hit the ice beast.
You melt the ice beast.
You kill the ice beast!
You have reached level 8!
You feel clever.
Xom is interested.
Xom makes a sudden noise!
You hear a strangely pleasant explosion.
You hear a shout!
You hear an angry hiss.
An ogre comes into view. It is wielding a +0 giant spiked club.
An ogre is nearby!
An ogre is nearby!
An ogre is nearby!
You hit the ogre. You burn the ogre.
The ogre is lightly wounded.
The ogre hits you with a +0 giant spiked club!!
You barely miss the ogre.
The ogre is lightly wounded.
The ogre hits you with a +0 giant spiked club!
You are too injured to fight recklessly!
You slash the ogre! You burn the ogre.
The ogre is heavily wounded.
You slash the ogre! You burn the ogre.
The ogre is almost dead.
The ogre hits you with a +0 giant spiked club!!
You feel threatened and lose the ability to read scrolls!
You die...

... .... ... .>.. # ....
..... ### .... .
...##.... .
#.##......##...#.....#..
.....# .....#..>.......
.....## #.....#.........
......###....#........#
#.#..........#..O....#
#.##.###........@..~#
.....###.....#..#~~~~#
....###..##..#.####~~~~#
...........#..$[..# #~~~
.##...##...##.....# ##
..#...#.._..#####....
.(....#.....# ####
....######### .....#


You could see an ogre.

Vanquished Creatures
  2 ice beasts
  2 phantoms (D:4)
  A gnoll bouda (D:4)
  Terence (D:2)
  3 iguanas
  2 orc wizards
  7 gnolls
  3 adders (D:5)
  A river rat (D:2)
  An ufetubus (D:4)
  3 worms
  2 dart slugs
  5 orcs
  11 ball pythons
  3 giant cockroaches
  7 goblins
  6 hobgoblins
  16 jackals
  2 kobolds
  3 quokkas
  8 bats
  A frilled lizard (D:2)
  4 rats
94 creatures vanquished.

Vanquished Creatures (collateral kills)
  A scorpion (D:4)
  An adder (D:4)
  A gnoll (D:4)
  A ball python (D:4)
  An endoplasm (D:4)
5 creatures vanquished.

Grand Total: 99 creatures vanquished

Notes
Turn   | Place    | Note
-------+----------+-------------------------------------------
     0 | D:1      | Xavori the Formicid Chaos Knight began the quest for the
                  | Orb.
     0 | D:1      | Reached XP level 1. HP: 18/18 MP: 1/1
   173 | D:1      | XOM: divination: detect items
  1812 | D:1      | XOM is BORED!
  1812 | D:1      | XOM: silly message
  1861 | D:1      | XOM: divination: magic mapping
  2387 | D:1      | XOM: noise
  2527 | D:1      | XOM: divination: detect items
  2580 | D:1      | XOM: stat loss: -1 Int (10/11)
  2710 | D:1      | XOM is BORED!
  2710 | D:1      | XOM: noise
  3188 | D:1      | XOM: cloud trail
  3881 | D:1      | XOM: draining
  3936 | D:1      | XOM is BORED!
  3936 | D:1      | XOM: give mutations
  3936 | D:1      | Gained mutation: Your spells are a little easier to cast,
                  | but a little less powerful. [Xom's mischief]
  3936 | D:1      | Gained mutation: You expend magic power (3 MP) to
                  | strengthen your wands. [Xom's mischief]
  3936 | D:1      | Gained mutation: Your spells are easier to cast, but less
                  | powerful. [Xom's mischief]
  3936 | D:1      | Gained mutation: You possess an exceptional clarity of
                  | mind. [Xom's mischief]
  4293 | D:1      | XOM: scenery: 4 doors open
  4489 | D:1      | XOM: scenery: 1 doors close
  4573 | D:1      | Reached XP level 2. HP: 23/24 MP: 2/2
  4767 | D:1      | Reached skill level 1 in Dodging
  4785 | D:1      | Reached XP level 3. HP: 28/29 MP: 3/3
  4993 | D:1      | Glimpsed the power of Zot.
  5547 | D:1      | XOM: give mutation
  5547 | D:1      | Gained mutation: Your flesh is heat resistant. (rF+) [Xom's
                  | grace]
  6979 | D:1      | XOM: silly message
  7608 | D:1      | XOM: give mutations
  7608 | D:1      | Lost mutation: You expend magic power (3 MP) to strengthen
                  | your wands. [Xom's mischief]
  7608 | D:1      | Gained mutation: You are resistant to electric shocks.
                  | (rElec) [Xom's mischief]
  7608 | D:1      | Gained mutation: You are clumsy. (Dex -2) [Xom's mischief]
  8115 | D:1      | XOM: summons 1 hostile demon
  8121 | D:2      | XOM: polymorph ball python -> river rat
  8300 | D:2      | XOM: give mutation
  8300 | D:2      | Gained mutation: Your flesh is cold resistant. (rC+) [Xom's
                  | mischief]
  8596 | D:1      | XOM: summons 4 hostile shadow creatures
  8884 | D:1      | XOM is BORED!
  8884 | D:1      | XOM: silly message
  9068 | D:1      | XOM: silly message
  9200 | D:1      | XOM: noise
  9576 | D:1      | XOM is BORED!
  9576 | D:1      | XOM: noise
  9999 | D:2      | XOM is BORED!
  9999 | D:2      | XOM: noise
 10009 | D:2      | XOM: divination: magic mapping
 10262 | D:2      | XOM: divination: detect creatures
 10265 | D:2      | Reached skill level 1 in Stealth
 10265 | D:2      | Reached XP level 4. HP: 5/37 MP: 4/4
 10390 | D:2      | Noticed Terence
 10399 | D:2      | Reached skill level 4 in Axes
 10401 | D:2      | XOM: confuse monster(s)
 10401 | D:2      | Killed Terence
 10402 | D:2      | Reached XP level 5. HP: 6/42 MP: 5/5
 10750 | D:2      | XOM: divination: detect creatures
 10882 | D:2      | Found Nipti's Book Boutique.
 10980 | D:2      | Glimpsed the power of Zot.
 11100 | D:2      | XOM: noise
 11130 | D:2      | XOM: god gift: 65 gold pieces
 11145 | D:2      | XOM: god gift: 4 stones
 11292 | D:2      | Found a faded altar of an unknown god.
 11486 | D:3      | XOM: cloud trail
 11597 | D:3      | XOM is BORED!
 11597 | D:3      | XOM: enchant monster (bad)
 11758 | D:3      | XOM: give mutations
 11758 | D:3      | Gained mutation: Your muscles are strong. (Str +4, Int/Dex
                  | -1) [Xom's mischief]
 11758 | D:3      | Lost mutation: Your flesh is cold resistant. (rC+) [Xom's
                  | mischief]
 11758 | D:3      | Lost mutation: You are resistant to electric shocks.
                  | (rElec) [Xom's mischief]
 11758 | D:3      | Gained mutation: You occasionally lose the ability to read
                  | scrolls when taking damage. [Xom's mischief]
 11806 | D:3      | XOM: snakes to sticks
 11855 | D:3      | XOM: give mutation
 11855 | D:3      | Gained mutation: Your system is resistant to poisons.
                  | (rPois) [Xom's grace]
 12008 | D:3      | Found a burning altar of Makhleb.
 12008 | D:3      | Noticed a balrug
 12011 | D:3      | Noticed an orange demon
 12011 | D:3      | Noticed a ynoxinul
 12145 | D:4      | Noticed a phantom
 12150 | D:4      | Killed a phantom
 12151 | D:4      | Reached XP level 6. HP: 48/48 MP: 6/6
 12178 | D:4      | Reached skill level 5 in Axes
 12219 | D:4      | XOM: destruction
 12231 | D:4      | XOM: confuse monster(s)
 12240 | D:4      | Reached XP level 7. HP: 13/54 MP: 7/7
 12750 | D:4      | Reached skill level 6 in Axes
 12752 | D:4      | XOM: silly message
 13243 | D:5      | Entered Level 5 of the Dungeon
 13243 | D:5      | Found a blossoming altar of Fedhas.
 13375 | D:5      | XOM: divination: detect items
 13423 | D:5      | Found a white marble altar of Elyvilon.
 13618 | D:5      | Found a shadowy altar of Dithmenos.
 13631 | D:5      | XOM: fog
 13636 | D:5      | Reached XP level 8. HP: 45/61 MP: 8/8
 13656 | D:5      | XOM: noise
 13664 | D:5      | Slain by an ogre

Illustrated notes

Levels and vault maps discovered:
D:1:      denvon_arrival_planthouse, layout_loops_ring
D:2:      layout_basic, serial_shops, shop,
          shapermc_ecumenical_altar_mp_urbaneastern, uniq_terence
D:3:      layout_basic, makhleb_altar_promises_db, minivault_11
D:4:      layout_basic, saegor_snake_ambush
D:5:      layout_cave_pools, grunt_temple_overflow_gold_and_silver,
          mainiacjoe_overflow_small_starburst, nicolae_overflow_crystal_walls,
          mainiacjoe_overflow_alcove_1, chequers_serial_rivers_large_b,
          nicolae_fountain_basement

Skill      XL: |  1  2  3  4  5  6  7 |
---------------+----------------------+-----
Dodging        | 1 2 3 |  3.1
Stealth        | 1 2 |  2.1
Axes           | 4 5 6 |  6.6
Armour         | 3 4 |  4.0
Fighting       | 4 |  4.8

Action                     |  1- 3 |  4- 6 |  7- 9 || total
---------------------------+-------+-------+-------++-------
  Melee: Hand axe          |    71 |   138 |    81 ||   290
         Punch             |     1 |     1 |       ||     2
    Use: Potion            |       |     2 |       ||     2
         Scroll            |       |       |     6 ||     6
   Stab: Sleeping          |       |     1 |       ||     1
 Armour: Leather armour    |    26 |    55 |    25 ||   106
  Dodge: Dodged            |    58 |   102 |    43 ||   203

Table legend: (Time is in decaauts)
 A = Elapsed time spent in this place.
 B = Non-inter-level travel time spent in this place.
 C = Inter-level travel time spent in this place.
 D = Time resting spent in this place.
 E = Time spent auto-exploring this place.
 F = Levels seen in this place.
 G = Mean time per level.
                   A        B        C        D        E       F      G
               +--------+--------+--------+--------+--------+-----+--------+
         Total |  13710 |  13591 |    119 |  10018 |   2780 |   5 | 2742.0 |
       Dungeon |  13710 |  13591 |    119 |  10018 |   2780 |   5 | 2742.0 |
               +--------+--------+--------+--------+--------+-----+--------+

Top non-repeatable levels by time:
     D:1: 10118 daAuts
     D:2: 1354 daAuts
     D:4: 1119 daAuts
     D:3: 696 daAuts
     D:5: 420 daAuts
